 Dungeon Crawl Stone Soup version 0.21.0-24-g2553a33 (webtiles) character file.

468 tidbits the Bolt Thrower (level 7, 18/56 HPs)
             Began as a Gnoll Wanderer on Jan 19, 2018.
             Quit the game on level 5 of the Dungeon.
             The game lasted 00:08:44 (1015 turns).

tidbits the Bolt Thrower (Gnoll Wanderer)           Turns: 1015, Time: 00:08:45

Health: 18/56      AC:  6    Str: 14    XL:     7   Next: 8%
Magic:  10/10      EV: 11    Int: 17    God:
Gold:   120        SH:  0    Dex: 14    Spells: 10/10 levels left

rFire    . . .     SeeInvis .   a - +2 hand crossbow
rCold    . . .     Gourm    .   (no shield)
rNeg     . . .     Faith    .   B - +1 ring mail
rPois    .         Spirit   .   (no helmet)
rElec    .         Reflect  .   (no cloak)
rCorr    .         Harm     .   (no gloves)
MR       .....                  (no boots)
Stlth    ++........             (no amulet)
HPRegen  0.18/turn              (no ring)
MPRegen  0.12/turn              (no ring)

@: no status effects
A: distributed training, fangs 1, strong nose
a: no special abilities


You were on level 5 of the Dungeon.
You were not hungry.

You visited 2 branches of the dungeon, and saw 6 of its levels.

You collected 120 gold pieces.

Inventory:

Hand Weapons
 a - a +2 hand crossbow (weapon)
 b - a +0 quarterstaff
 c - a +2 hand axe of flaming
   (You took it off an orc on level 3 of the Dungeon)
 f - a +0 dagger
 k - a +1 vampiric whip
   (You took it off a kobold on level 1 of the Dungeon)
 n - a cursed -2 whip
 o - a +2 whip of freezing
   (You took it off a kobold on level 3 of the Dungeon)
 p - a cursed -2 flail
Missiles
 l - 8 stones
 q - 15 bolts (quivered)
Armour
 e - a +0 robe
 r - a +0 chain mail
 B - a +1 ring mail (worn)
Wands
 m - a wand of disintegration (21)
Scrolls
 i - 5 scrolls of remove curse
 j - a scroll of teleportation
Potions
 d - a potion of curing
 h - a potion of ambrosia
 s - a potion of degeneration {unknown}
 t - a potion of cancellation {unknown}
Comestibles
 g - a ration


   Skills:
 + Level 5.1 Fighting
 + Level 2.2 Short Blades
 + Level 2.2 Long Blades
 + Level 2.2 Axes
 + Level 2.2 Maces & Flails
 + Level 2.2 Polearms
 + Level 5.1 Staves
 + Level 2.2 Slings
 + Level 2.2 Bows
 + Level 5.1 Crossbows
 + Level 2.2 Throwing
 + Level 3.4 Armour
 + Level 2.2 Dodging
 + Level 4.7 Stealth
 + Level 2.2 Shields
 + Level 2.2 Unarmed Combat
 + Level 2.2 Spellcasting
 + Level 1.8 Conjurations
 + Level 1.8 Hexes
 + Level 1.8 Charms
 + Level 1.8 Summonings
 + Level 1.8 Necromancy
 + Level 1.8 Translocations
 + Level 1.8 Transmutations
 + Level 1.8 Fire Magic
 + Level 1.8 Ice Magic
 + Level 1.8 Air Magic
 + Level 1.8 Earth Magic
 + Level 1.8 Poison Magic
 + Level 2.4 Invocations
 + Level 3.4 Evocations


You had 10 spell levels left.
You didn't know any spells.

Dungeon Overview and Level Annotations

Branches:
Dungeon (5/15)             Temple (1/1) D:4

Altars:
Dithmenos
Elyvilon
Fedhas
Gozag
Makhleb
Okawaru
Ru
Sif Muna
Uskayaw
Vehumet
Wu Jian
Yredelemnul
Zin
The Shining One


Innate Abilities, Weirdness & Mutations

Your experience applies equally to all skills.
You have very sharp teeth.
Your uncanny sense of smell can sniff out nearby items.


Message History

The hound zombie closely misses you.
The hound zombie bites you but does no damage.
You hit the hound zombie. You bite the hound zombie.
The hound zombie is moderately damaged.
The hound zombie barely misses you.
You barely miss the hound zombie.
The hound zombie is moderately damaged.
The hound zombie bites you but does no damage.
You barely miss the hound zombie.
The hound zombie is moderately damaged.
The hound zombie closely misses you. The hound zombie bites you.
You hit the hound zombie but do no damage.
You bite the hound zombie.
The hound zombie is moderately damaged.
The hound zombie bites you.
You hit the hound zombie.
The hound zombie is heavily damaged.
The hound zombie bites you.
You hit the hound zombie.
The hound zombie is heavily damaged.
The hound zombie bites you but does no damage.
The hound zombie bites you.
You sock the hound zombie!
The hound zombie is almost destroyed.
The hound zombie completely misses you.
You barely miss the hound zombie. Your bite misses the hound zombie.
The hound zombie is almost destroyed.
The hound zombie bites you but does no damage.
You sock the hound zombie!
You destroy the hound zombie!
Found 23 stones.
You see here a robe.
Found a scroll of remove curse.
You see here a club.
You hear a distant blaring wail to the southwest.
You see here 23 stones.
A worm comes into view.
You see here a scroll of remove curse.
i - 5 scrolls of remove curse (gained 1)
An ogre comes into view. It is wielding a giant club.
You hit the worm.
The worm is lightly wounded.
The ogre shouts!
a - a +2 hand crossbow (weapon)
The worm bites you!
Firing (i - inventory. (,) - cycle):
q - 15 bolts (quivered)
Press: ? - help, Shift-Dir - straight line, f - ogre
Aim: an ogre, wielding a giant club You shoot a bolt.
The bolt barely misses the worm.
The bolt barely misses the ogre.
The worm barely misses you.
Firing (i - inventory. (,) - cycle):
q - 14 bolts (quivered)
Press: ? - help, Shift-Dir - straight line, f/p - ogre
Aim: an ogre, wielding a giant club You shoot a bolt.
The bolt hits the worm.
The worm is lightly wounded.
Firing (i - inventory. (,) - cycle):
q - 13 bolts (quivered)
Press: ? - help, Shift-Dir - straight line, f/p - ogre
Aim: an ogre, wielding a giant club You shoot a bolt.
The bolt hits the worm!
The worm is severely wounded.
The worm misses you.
Firing (i - inventory. (,) - cycle):
q - 12 bolts (quivered)
Press: ? - help, Shift-Dir - straight line, f/p - ogre
Aim: an ogre, wielding a giant club You shoot a bolt.
The bolt hits the worm!
You kill the worm!
Firing (i - inventory. (,) - cycle):
q - 11 bolts (quivered)
Press: ? - help, Shift-Dir - straight line, f/p - ogre
Aim: an ogre, wielding a giant club You shoot a bolt.
The bolt barely misses the ogre.
The ogre barely misses you.
b - a +0 quarterstaff (weapon)
You hit the ogre.
The ogre is lightly wounded.
The ogre hits you with a giant club!
* * * LOW HITPOINT WARNING * * *
You sock the ogre!
The ogre is heavily wounded.
The ogre barely misses you.
You sock the ogre!
The ogre is almost dead.
The ogre closely misses you.
You hit the ogre but do no damage.
The ogre is almost dead.
The ogre hits you with a giant club!
* * * LOW HITPOINT WARNING * * *
You hit the ogre. You bite the ogre.
You kill the ogre!
You have reached level 7!
Things that are here:
a giant club; 4 bolts
q - 14 bolts (gained 4)
You see here a bolt.
q - 15 bolts (gained 1)
a - a +2 hand crossbow (weapon)
You are feeling hungry.
You eat one of the 2 rations.
That ration really hit the spot!
Found an amethyst potion.
You see here an amethyst potion.
t - an amethyst potion Are you sure you want to abandon this character and quit the game? (Confirm with "yes".)

##### #######....
########.......###
#........#######
#@######## #.# #.#
#.# #.# ### # #
.... ###


There were no monsters in sight!

Vanquished Creatures
  2 ogres
  A centaur zombie (D:5)
  An orc priest (D:3)
  A hound (D:2)
  2 orc wizards (D:3)
  A worker ant (D:4)
  2 hound zombies (D:5)
  A howler monkey skeleton (D:4)
  A shadow imp (D:4)
  2 oozes
  2 worms
  2 leopard geckos (D:2)
  6 orcs
  A giant cockroach (D:1)
  3 goblins
  2 hobgoblins
  7 kobolds
  2 quokkas
  2 ball pythons
  A frilled lizard (D:1)
  2 rats (D:3)
44 creatures vanquished.

Vanquished Creatures (others)
  An orc wizard (D:3)
1 creature vanquished.

Grand Total: 45 creatures vanquished

Notes
Turn   | Place    | Note
-------+----------+-------------------------------------------
     0 | D:1      | tidbits the Gnoll Wanderer began the quest for the Orb.
     0 | D:1      | tidbits set off with: a +2 hand crossbow, 24 bolts, a +0 quarterstaff, a potion of curing, a +0 robe, a +0 dagger, a ration
     0 | D:1      | Reached XP level 1. HP: 20/20 MP: 2/2
   150 | D:2      | Reached XP level 2. HP: 14/26 MP: 3/3
   221 | D:2      | Found a burning altar of Makhleb.
   223 | D:2      | Reached skill level 1 in Invocations
   223 | D:2      | Reached XP level 3. HP: 24/31 MP: 4/4
   343 | D:3      | Reached skill level 1 in Short Blades
   343 | D:3      | Reached skill level 1 in Long Blades
   343 | D:3      | Reached skill level 1 in Axes
   343 | D:3      | Reached skill level 1 in Maces & Flails
   343 | D:3      | Reached skill level 1 in Polearms
   343 | D:3      | Reached skill level 1 in Slings
   343 | D:3      | Reached skill level 1 in Bows
   343 | D:3      | Reached skill level 1 in Throwing
   343 | D:3      | Reached skill level 1 in Dodging
   343 | D:3      | Reached skill level 1 in Shields
   343 | D:3      | Reached skill level 1 in Unarmed Combat
   343 | D:3      | Reached skill level 1 in Spellcasting
   350 | D:3      | Reached XP level 4. HP: 32/38 MP: 4/6
   351 | D:3      | Reached skill level 1 in Conjurations
   351 | D:3      | Reached skill level 1 in Hexes
   351 | D:3      | Reached skill level 1 in Charms
   351 | D:3      | Reached skill level 1 in Summonings
   351 | D:3      | Reached skill level 1 in Necromancy
   351 | D:3      | Reached skill level 1 in Translocations
   351 | D:3      | Reached skill level 1 in Transmutations
   351 | D:3      | Reached skill level 1 in Fire Magic
   351 | D:3      | Reached skill level 1 in Ice Magic
   351 | D:3      | Reached skill level 1 in Air Magic
   351 | D:3      | Reached skill level 1 in Earth Magic
   351 | D:3      | Reached skill level 1 in Poison Magic
   376 | D:3      | Reached XP level 5. HP: 26/43 MP: 7/7
   481 | D:4      | Noticed an ogre
   487 | D:4      | Killed an ogre
   487 | D:4      | Reached skill level 3 in Armour
   487 | D:4      | Reached skill level 2 in Invocations
   487 | D:4      | Reached skill level 3 in Evocations
   487 | D:4      | Reached XP level 6. HP: 37/50 MP: 8/8
   496 | D:5      | Entered Level 5 of the Dungeon
   583 | D:4      | Found a staircase to the Ecumenical Temple.
   592 | Temple   | Entered the Ecumenical Temple
   821 | D:4      | Reached skill level 5 in Fighting
   821 | D:4      | Reached skill level 5 in Staves
   821 | D:4      | Reached skill level 5 in Crossbows
   887 | D:5      | Reached skill level 2 in Short Blades
   887 | D:5      | Reached skill level 2 in Long Blades
   887 | D:5      | Reached skill level 2 in Axes
   887 | D:5      | Reached skill level 2 in Maces & Flails
   887 | D:5      | Reached skill level 2 in Polearms
   887 | D:5      | Reached skill level 2 in Slings
   887 | D:5      | Reached skill level 2 in Bows
   887 | D:5      | Reached skill level 2 in Throwing
   887 | D:5      | Reached skill level 2 in Dodging
   887 | D:5      | Reached skill level 2 in Shields
   887 | D:5      | Reached skill level 2 in Unarmed Combat
   887 | D:5      | Reached skill level 2 in Spellcasting
   990 | D:5      | Reached XP level 7. HP: 13/56 MP: 10/10
  1015 | D:5      | Quit the game

Skill      XL: |  1  2  3  4  5  6 |
---------------+-------------------+-----
Invocations    | 1 2 |  2.4
Short Blades   | 1 2 |  2.2
Long Blades    | 1 2 |  2.2
Axes           | 1 2 |  2.2
Maces & Flails | 1 2 |  2.2
Polearms       | 1 2 |  2.2
Slings         | 1 2 |  2.2
Bows           | 1 2 |  2.2
Throwing       | 1 2 |  2.2
Dodging        | 1 2 |  2.2
Shields        | 1 2 |  2.2
Unarmed Combat | 1 2 |  2.2
Spellcasting   | 1 2 |  2.2
Conjurations   | 1 |  1.8
Hexes          | 1 |  1.8
Charms         | 1 |  1.8
Summonings     | 1 |  1.8
Necromancy     | 1 |  1.8
Translocations | 1 |  1.8
Transmutations | 1 |  1.8
Fire Magic     | 1 |  1.8
Ice Magic      | 1 |  1.8
Air Magic      | 1 |  1.8
Earth Magic    | 1 |  1.8
Poison Magic   | 1 |  1.8
Armour         | 3 |  3.4
Evocations     | 3 |  3.4
Fighting       | 5 |  5.1
Staves         | 5 |  5.1
Crossbows      | 5 |  5.1
Stealth        | |  4.7

Action                   |  1- 3 |  4- 6 |  7- 9 || total
-------------------------+-------+-------+-------++-------
Melee: Quarterstaff      |     9 |    95 |       ||   104
       Bite              |       |    13 |       ||    13
 Fire: Hand crossbow     |    39 |    17 |       ||    56
  Use: Potion            |       |     1 |       ||     1
       Scroll            |       |     7 |       ||     7
 Stab: Sleeping          |       |     4 |       ||     4
  Eat: Ration            |       |       |     1 ||     1
Armor: Ring mail         |     3 |    35 |       ||    38
Dodge: Dodged            |     2 |    54 |       ||    56

Table legend:
 A = Turns spent in this place as a percentage of turns spent in the entire game.
 B = Non-inter-level travel turns spent in this place as a percentage of non-inter-level travel turns spent in the entire game.
 C = Inter-level travel turns spent in this place as a percentage of turns spent in this place.
 D = Turns resting spent in this place as a percentage of non-inter-level travel turns spent in this place.
 E = Turns spent auto-exploring this place as a percentage of non-inter-level travel turns spent in this place.
 F = Non-inter-level travel turns spent in this place divided by the number of levels of this place that you've seen.
                   A       B       C       D       E      F
               +-------+-------+-------+-------+-------+----------------------
         Total | 100.0 | 100.0 |   2.4 |   0.0 |   0.0 | 165.2
       Dungeon |  90.5 |  90.3 |   2.6 |   0.0 |   0.0 | 179.0
        Temple |   9.5 |   9.7 |   0.0 |   0.0 |   0.0 |  96.0
               +-------+-------+-------+-------+-------+----------------------

Table legend:
 A = Kills in this place as a percentage of kills in entire the game.
 B = Kills by you in this place as a percentage of kills by you in the entire game.
 C = Kills by friends in this place as a percentage of kills by friends in the entire game.
 D = Other kills in this place as a percentage of other kills in the entire game.
 E = Experience gained in this place as a percentage of experience gained in the entire game.
 F = Experience gained in this place divided by the number of levels of this place that you have seen.
                   A       B       C       D       E      F
               +-------+-------+-------+-------+-------+----------------------
         Total | 100.0 | 100.0 |   N/A | 100.0 | 100.0 | 111.5
       Dungeon | 100.0 | 100.0 |   N/A | 100.0 | 100.0 | 133.8
               +-------+-------+-------+-------+-------+----------------------

Vault maps used:
D:1:      sevenhm_arrival_forest_fort_large_4
D:2:      makhleb_blood_cavern_becter
D:4:      minmay_temple_entry_mist
D:5:      minitemple, basic_altar, first_ration, uniq_edmund
Temple:   nicolae_temple_figure_eight
